 Seeded DCSS version 0.27.1 (webtiles) character file.

Game seed: 20210827 (custom seed)

79 a11behringer the Poker (level 4, 0/40 HPs)
             Began as a Minotaur Fighter on Aug 27, 2021.
             Hit by a stone thrown by a kobold (2 damage)
             ... on level 2 of the Dungeon.
             The game lasted 00:04:53 (1091 turns).

a11behringer the Poker (Minotaur Fighter)           Turns: 1091, Time: 00:04:53

Health: 0/40       AC:  7    Str: 20    XL:     4   Next: 16%
Magic:  3/3        EV:  7    Int:  5    God:
Gold:   0          SH:  9    Dex: 11    Spells: 3/3 levels left

rFire    . . .     SeeInvis .   a - +0 trident
rCold    . . .     Faith    .   c - +0 kite shield
rNeg     . . .     Spirit   .   b - +0 scale mail
rPois    .         Reflect  .   (helmet restricted)
rElec    .         Harm     .   (no cloak)
rCorr    .         Rampage  .   (no gloves)
Will     .....                  (no boots)
Stlth    ..........             (no amulet)
HPRegen  0.13/turn              (no ring)
MPRegen  0.08/turn              (no ring)

@: no status effects
A: horns 2, retaliatory headbutt
a: no special abilities


You were on level 2 of the Dungeon.
You visited 1 branch of the dungeon, and saw 2 of its levels.

Inventory:

Hand Weapons
 a - a +0 trident (weapon)
Armour
 b - a +0 scale mail (worn)
 c - a +0 kite shield (worn)
Scrolls
 h - a scroll of holy word {unknown}
 i - a scroll of silence {unknown}
Potions
 d - a potion of might
 e - a potion of lignification {unknown}
 f - 2 potions of attraction {unknown}
 g - a potion of flight {unknown}


   Skills:
 - Level 3.8 Fighting
 * Level 4.9 Polearms
 - Level 3.8 Armour
 + Level 0.9 Dodging
 - Level 3.8 Shields


You had 3 spell levels left.
You didn't know any spells.
Your spell library contained the following spells:

 Spells                   Type           Power      Damage    Failure   Level
 Pain                     Necr           0%         1d4       99%         1
 Agony                    Necr           0%         N/A       100%        5
 Excruciating Wounds      Necr           0%         N/A       100%        5


Dungeon Overview and Level Annotations

Branches:
Dungeon (2/15)

Altars:

Annotations:
D:2 Natasha


Innate Abilities, Weirdness & Mutations

You have a pair of horns on your head.
You reflexively headbutt those who attack you in melee.


Message History

You kill the gnoll!
The gnoll hits you from afar with a +2 halberd of flaming.
The gnoll burns you.
You have reached level 4!
You feel agile. The gnoll closely misses you. You block the gnoll's attack.
Things that are here:
a +0 club; a gnoll corpse You completely miss the gnoll.
Your headbutt misses the gnoll. The gnoll closely misses you.
The gnoll barely misses you. You block the gnoll's attack.
You hit the gnoll but do no damage. You block the gnoll's attack.
The gnoll barely misses you. You furiously retaliate!
You headbutt the gnoll. The gnoll barely misses you.
The gnoll closely misses you.
You hit the gnoll but do no damage.
The gnoll is lightly wounded.
You block the gnoll's attack. x2; The gnoll barely misses you.
You block the gnoll's attack.
The gnoll hits you from afar with a +0 halberd.
You barely miss the gnoll. You headbutt the gnoll.
The gnoll is moderately wounded.
The gnoll hits you from afar with a +0 spear.
The gnoll hits you from afar with a +0 halberd!
* * * LOW HITPOINT WARNING * * *
The gnoll closely misses you.
You puncture the gnoll!
You kill the gnoll!
The gnoll hits you but does no damage.
The gnoll hits you from afar with a +0 halberd.
* * * LOW HITPOINT WARNING * * *
The gnoll hits you from afar with a +0 spear.
* * * LOW HITPOINT WARNING * * *
You open the large door. The gnoll barely misses you.
There is a large open door here.
You open the large door.
A rat, a kobold and Natasha come into view.
The kobold is wielding a +2 whip of holy wrath.
The kobold shouts!
The kobold throws a stone.
The stone hits you.
You die...

#.$...# #.....# .Kr.
#.....## .... #......#
#++# .....
#......#♣♣♣..♣♣♣ .....
#......#♣......♣ .....^
#......#♣).♣♣..♣#......
#......'..♣ ♣..'......
#......'..♣♣♣♣.@'......
#.....##♣†.♣♣..♣#.....#
#...†.##♣....g.♣ .h..#
########
#####.g#♣♣♣.g♣♣♣ ...#
#....... #.g####''# .!#
#.###### #.....#..# .#
#.#..... #..g..##.# .
#.#.#... #...g.##.#
#.#†#.##
######......#)# #+
#.#<†...


You could see Natasha, 2 gnolls, a kobold and a rat.

Vanquished Creatures
  2 gnolls (D:2)
  An adder (D:2)
  2 dart slugs (D:1)
  3 bats (D:1)
  4 endoplasms
  3 giant cockroaches (D:1)
  3 hobgoblins (D:1)
  5 jackals
  3 quokkas (D:1)
  5 ball pythons
  3 frilled lizards
  4 goblins (D:1)
  4 kobolds (D:1)
  A rat (D:1)
  A toadstool (D:1)
44 creatures vanquished.

Vanquished Creatures (others)
  3 toadstools (D:1)
3 creatures vanquished.

Grand Total: 47 creatures vanquished

Notes
Turn   | Place    | Note
-------+----------+-------------------------------------------
     0 | D:1      | a11behringer the Minotaur Fighter began the quest for the
                  | Orb.
     0 | D:1      | Reached XP level 1. HP: 19/19 MP: 0/0
    87 | D:1      | Reached XP level 2. HP: 19/27 MP: 1/1
   289 | D:1      | Reached skill level 3 in Polearms
   487 | D:1      | Reached XP level 3. HP: 31/33 MP: 2/2
   679 | D:1      | Reached skill level 4 in Polearms
  1076 | D:2      | Reached XP level 4. HP: 29/40 MP: 3/3
  1081 | D:2      | HP: 2/40 [gnoll (5)]
  1091 | D:2      | Noticed Natasha
  1091 | D:2      | Hit by a stone thrown by a kobold

Illustrated notes

Levels and vault maps discovered:
D:1:      ldierk_water_garden, layout_rooms, minmay_misc_feat_diagonals,
          st_stairs_7
D:2:      layout_basic, hellmonk_ecumenical_altar_zigzags,
          kennysheep_generic_room_6, uniq_natasha, uniq_jessica

Skill      XL: |  1  2  3 |
---------------+----------+-----
Polearms       | 3 4 |  4.9
Fighting       | |  3.8
Armour         | |  3.8
Dodging        | |  0.9
Shields        | |  3.8

Action                   |  1- 3 |  4- 6 || total
-------------------------+-------+-------++-------
Melee: Trident           |    85 |     5 ||    90
       Headbutt          |    16 |     1 ||    17
Armor: Scale mail        |    39 |     1 ||    40
Dodge: Dodged            |    36 |     9 ||    45
Block: Kite shield       |    43 |     6 ||    49
